AoeStats
← florian

Lombardia

507715532Analyzed
2v2 RM · 14d ago on Sep 19, 2026· 59m 6s· 4 players
Game mode
Random Map
Map size
Medium (4 player)
Population
200
Speed
Normal
Resources
Standard
Victory
Conquest
Starting age
Dark Age
Ending age
Imperial Age
RankedLock teamsTeams togetherTeam positionsShared explorationLock speedFull tech treeHidden civsTurbo modeCheats
Victory
Defeat
🇩🇪 Hindustanis · Germany
981
+17
🇩🇪 Magyars · Germany
979
+17
🇪🇸 Goths · Spain
1007
-17
🇫🇷 Persians · France
999
-17
florian
10:43 Feudal Age
8:59 Loom
15:34 Castle Age
14:06 Double-Bit Axe
14:03 Horse Collar
24:44 Wheelbarrow
25:35 Fervor
25:32 Pikeman
27:02 Hand Cart
27:02 Gold Mining
27:17 Heavy Plow
27:05 Town Watch
30:16 Sanctity
31:23 Bow Saw
31:15 Town Patrol
35:06 Imperial Age
34:29 Fortified Wall
34:56 Masonry
35:07 Ballistics
34:44 Murder Holes
36:56 Chemistry
38:31 Caravan
39:22 Grand Trunk Road
40:14 Padded Archer Armor
40:05 Fletching
43:41 Shatagni
44:03 Conscription
46:24 Coinage
46:41 Hoardings
46:46 Bloodlines
46:36 Husbandry
52:22 Leather Archer Armor
52:10 Bodkin Arrow
53:40 Ring Archer Armor
54:19 Banking
56:07 Elite Ghulam
57:14 Bodkin Arrow
57:25 Scale Barding Armor
57:38 Forging
hanna
9:33 Loom
11:19 Feudal Age
17:39 Castle Age
15:48 Scale Mail Armor
16:58 Double-Bit Axe
17:54 Horse Collar
18:08 Gold Mining
25:01 Wheelbarrow
25:34 Pikeman
26:47 Chain Mail Armor
28:18 Bloodlines
28:41 Scale Barding Armor
28:27 Fletching
33:51 Hand Cart
33:22 Town Watch
35:00 Chain Barding Armor
34:37 Bodkin Arrow
34:45 Heavy Plow
34:58 Bow Saw
37:44 Husbandry
40:22 Imperial Age
37:59 Stone Mining
42:54 Conscription
43:10 Hoardings
42:57 Town Patrol
44:59 Caravan
45:56 Plate Barding Armor
46:01 Elite Magyar Huszar
47:21 Crop Rotation
47:53 Two-Man Saw
47:25 Masonry
47:12 Murder Holes
47:39 Ballistics
49:39 Bracer
49:01 Halberdier
57:45 Siege Engineers
57:21 Treadmill Crane
58:42 Chemistry
Lucas Grijander
0:37 Loom
11:13 Feudal Age
12:56 Wheelbarrow
11:52 Man-at-Arms
12:31 Double-Bit Axe
12:28 Horse Collar
23:42 Castle Age
21:46 Stone Mining
25:05 Hand Cart
24:37 Town Watch
25:05 Bow Saw
25:14 Heavy Plow
31:58 Squires
31:21 Pikeman
38:24 Imperial Age
36:22 Ballistics
35:58 Murder Holes
36:07 Scale Mail Armor
36:18 Forging
35:59 Fletching
38:29 Anarchy
38:42 Gold Mining
39:29 Stone Shaft Mining
39:22 Chain Mail Armor
39:43 Iron Casting
39:04 Bodkin Arrow
40:01 Crop Rotation
40:37 Two-Man Saw
39:35 Halberdier
43:04 Fervor
43:15 Sanctity
44:18 Bracer
45:19 Blast Furnace
45:17 Elite Huskarl
48:07 Chemistry
53:32 Padded Archer Armor
53:11 Elite Skirmisher
Ccosmic
7:04 Loom
9:27 Feudal Age
18:36 Castle Age
17:00 Double-Bit Axe
18:28 Bloodlines
18:26 Scale Barding Armor
18:08 Horse Collar
18:56 Forging
19:08 Husbandry
25:58 Chain Barding Armor
27:40 Wheelbarrow
29:28 Devotion
29:41 Gold Mining
31:16 Iron Casting
32:06 Town Watch
36:48 Imperial Age
34:34 Hand Cart
35:58 Bow Saw
36:10 Heavy Plow
37:33 Cavalier
38:50 Plate Barding Armor
39:16 Blast Furnace
39:17 Conscription
41:06 Fletching
41:26 Caravan
44:05 Elite War Elephant
46:48 Faith
46:18 Savar
Connection lost

Rejoining the realm…

Still unreachable

The connection could not be restored.

Session expired

The server has moved on; the page needs a fresh start.